Map: Winter's Gate LE

Players

Metahurtz - Winner!

  • Race: Terran Terran
  • League: Master
  • Spawn Location: 11:00

VKing

  • Race: Protoss Protoss
  • League: Master
  • Spawn Location: 5:00

VOD

Have the link to the VOD?

Description

TvP Raven Based Build Strong Push

Time

  • Played on: Oct. 19, 2019, 6:51 a.m.
  • Length: 8:51
Show
View Real Time Build Order
Export as new Build Order

Metahurtz Terran - Winner!

Build Orders: Gas First Reaper Expand 

Get SALT Encoding   

  12  0:01  SCV  
  13  0:13  SCV  
  14  0:17  Supply Depot  
  14  0:25  SCV  
  14  0:28  Refinery  
  15  0:38  SCV  
  16  0:44  Barracks  
  16  0:50  SCV  
  17  1:03  SCV  
  18  1:15  SCV  
  19  1:32  Reaper  
  20  1:34  Orbital Command  
  20  1:48  Command Center  
  20  1:56  Factory  
  20  2:00  SCV  
  21  2:04  Marine  
  22  2:10  Supply Depot  
  22  2:14  SCV  
  23  2:17  Refinery  
  23  2:24  Barracks Reactor  
  23  2:31  SCV  
  24  2:43  Widow Mine, SCV  
  27  2:58  Starport  
  27  3:06  SCV  
  27  3:07  Orbital Command  
  27  3:11  Marine x2  
  29  3:13  Widow Mine  
  31  3:21  Barracks  
  31  3:24  Barracks  
  31  3:27  SCV  
  31  3:28  Supply Depot  
  31  3:31  Marine x2  
  34  3:38  Factory Tech Lab, Starport Tech Lab  
  34  3:56  Marine x2  
  34  3:57  SCV x2  
  38  4:04  Raven  
  38  4:07  Engineering Bay  
  38  4:09  SCV x2  
  42  4:14  Factory Tech Lab  
  42  4:17  Supply Depot  
  42  4:18  Marine x2  
  42  4:19  Stimpack  
  44  4:27  Supply Depot  
  44  4:29  SCV x2  
  46  4:39  Marine x2  
  46  4:40  Marine x2  
  46  4:41  SCV x2  
  46  4:44  Terran Infantry Weapons Level 1  
  52  4:51  Siege Tank  
  55  4:53  SCV x2  
  55  4:55  Refinery  
  55  4:57  Supply Depot  
  57  5:05  SCV x2  
  57  5:06  Starport Reactor  
  59  5:11  Marine x4  
  63  5:17  SCV x2, Supply Depot  
  65  5:29  SCV x2  
  65  5:31  Siege Tank  
  65  5:32  Marine x4  
  74  5:37  Supply Depot  
  74  5:39  Supply Depot  
  74  5:41  SCV x2  
  74  5:42  Combat Shield  
  76  5:52  Medivac  
  76  5:53  SCV, Marine x2  
  76  5:54  SCV  
  76  5:55  Marine x2  
  84  5:58  Refinery  
  84  6:03  Supply Depot x2  
  84  6:06  Siege Tank  
  87  6:12  SCV x2  
  87  6:13  Marine x4  
  87  6:15  Medivac  
  95  6:19  Concussive Shells  
  95  6:29  Supply Depot  
  95  6:31  Supply Depot  
  95  6:39  Command Center  
  95  6:46  Marine x2  
  101  6:47  Marauder x2  
  101  6:49  Liberator x2  
  101  6:52  SCV x2  
  101  6:53  Terran Infantry Armor Level 1  
  103  6:57  Missile Turret  
  103  7:04  Marine x2  
  107  7:24  Marine  
  107  7:25  Marauder, Marine  
  107  7:27  Marine  
  107  7:28  Siege Tank  
  107  7:29  SCV x2  
  109  7:42  Marine x2  
  111  7:44  SCV x2  
  111  7:46  Marauder x2  
  111  7:49  Barracks x3  
  111  7:50  Fusion Core, Starport  
  117  7:56  SCV x2  
  101  8:17  Marine  
  101  8:18  Marauder, Marine  
  105  8:23  Marine  
  105  8:26  SCV x2  
  101  8:50  Engineering Bay  
Show
View Real Time Build Order
Export as new Build Order

VKing Protoss 

Build Orders: 1 Gate Expand, Chargelot Immortal 

Get SALT Encoding   

  12  0:00  Probe  
  13  0:12  Probe  
  14  0:20  Pylon  
  14  0:24  Probe  
  15  0:38  Gateway  
  15  0:39  Probe (Chrono Boost)  
  16  0:48  Probe (Chrono Boost)  
  17  0:50  Assimilator  
  17  0:53  Probe (Chrono Boost)  
  18  1:05  Probe (Chrono Boost)  
  19  1:13  Probe (Chrono Boost)  
  20  1:19  Probe  
  21  1:27  Cybernetics Core  
  21  1:39  Nexus  
  21  1:43  Probe  
  22  1:50  Pylon  
  22  1:55  Probe  
  22  2:00  Assimilator  
  23  2:05  Adept (Chrono Boost)  
  23  2:06  Warp Gate  
  25  2:10  Probe  
  26  2:22  Probe  
  27  2:24  Twilight Council  
  27  2:34  Probe  
  27  2:35  Stalker  
  29  2:47  Probe  
  30  2:58  Probe (Chrono Boost)  
  30  3:01  Probe (Chrono Boost)  
  31  3:08  Sentry  
  31  3:10  Probe (Chrono Boost)  
  35  3:17  Probe (Chrono Boost)  
  35  3:18  Probe (Chrono Boost)  
  36  3:21  Charge, Pylon  
  36  3:25  Probe (Chrono Boost)  
  36  3:26  Probe (Chrono Boost)  
  38  3:34  Stalker  
  38  3:39  Probe (Chrono Boost)  
  42  3:42  Probe (Chrono Boost)  
  42  3:44  Probe (Chrono Boost)  
  42  3:48  Probe  
  44  3:53  Probe  
  43  3:59  Robotics Facility  
  43  4:00  Probe  
  44  4:05  Probe  
  44  4:07  Gateway  
  44  4:08  Gateway  
  45  4:10  Pylon  
  45  4:12  Probe, Stalker  
  48  4:17  Probe  
  48  4:21  Assimilator  
  48  4:23  Assimilator  
  49  4:24  Probe  
  49  4:29  Probe  
  49  4:30  Pylon  
  51  4:36  Pylon  
  51  4:39  Probe  
  51  4:41  Probe  
  51  4:44  Forge  
  53  4:46  Observer (Chrono Boost)  
  53  4:48  Shield Battery  
  53  4:51  Probe  
  53  4:52  Pylon  
  55  4:53  Probe  
  55  4:55  Stalker  
  55  4:59  Observer (Chrono Boost)  
  58  5:02  Pylon  
  58  5:03  Probe, Blink  
  58  5:05  Probe  
  61  5:12  Shield Battery  
  61  5:13  Stalker  
  63  5:15  Stalker  
  63  5:16  Probe, Protoss Ground Weapons Level 1 (Chrono Boost)  
  63  5:19  Observer (Chrono Boost)  
  67  5:24  Stalker  
  70  5:28  Probe  
  70  5:29  Probe  
  71  5:37  Immortal (Chrono Boost)  
  71  5:40  Probe  
  76  5:44  Probe  
  77  5:59  Nexus  
  77  6:02  Pylon  
  77  6:10  Gateway  
  77  6:13  Templar Archives  
  77  6:18  Immortal (Chrono Boost)  
  77  6:19  Gateway x2  
  77  6:24  Pylon  
  81  6:28  Gateway  
  81  6:32  Pylon  
  81  6:38  Stalker x2  
  85  6:40  Probe  
  85  6:43  Zealot  
  88  6:48  Immortal (Chrono Boost)  
  92  7:05  Zealot x3  
  98  7:09  Zealot  
  98  7:20  Zealot x3  
  92  7:23  Zealot x2  
  92  7:25  Immortal  
  100  7:34  Zealot  
  100  7:35  Zealot  
  98  7:41  Probe x2  
  98  7:42  Robotics Bay  
  100  7:58  Zealot x3  
  106  8:04  Zealot x3  
  88  8:14  Nexus  
  88  8:17  Pylon  
  88  8:21  Stalker x2  
  88  8:26  Stalker  
  92  8:41  Zealot x4  
  80  8:47  Cybernetics Core  
Tags
 
Add a new tag
Caveats
  • Supply blocks, unpowered buildings, or Contaminate may cause inaccurate times.
  • Supply counts are checked every 10 seconds.